 Dungeon Crawl Stone Soup version 0.31-a0-1620-gcbf77bbcfc (webtiles) character file.

Game seed: 6565668959340525479

23 Lobster4 the Caller (level 2, -2/23 HPs)
             Began as a Human Wanderer on Jan 11, 2024.
             Succumbed to an adder's poison
             ... on level 1 of the Dungeon.
             The game lasted 00:02:47 (1351 turns).

Lobster4 the Caller (Human Wanderer)                Turns: 1351, Time: 00:02:47

Health: -2/23      AC:  3    Str: 11 (12) XL:     2   Next: 95%
Magic:  2/4        EV: 10    Int: 10 (11) God:
Gold:   75         SH:  0    Dex: 10 (13) Spells: 2/3 levels left

rFire   . . .        f - +0 short sword
rCold   . . .        (no shield)
rNeg    . . .        d - +0 leather armour
rPois   .            (no helmet)
rElec   .            (no cloak)
rCorr   .            (no gloves)
SInv    .            (no boots)
Will    .....        (no amulet)
Stlth   +            (no ring)
HPRegen 0.23/turn    (no ring)
MPRegen 0.09/turn

%: no passive effects
@: lethally poisoned (-2 -> -16)
A: explore regen
a: no special abilities


You were on level 1 of the Dungeon.
You visited 1 branch of the dungeon, and saw 2 of its levels.

You collected 75 gold pieces.

Inventory:

Hand Weapons
 a - a +0 dagger
 f - a +0 short sword (weapon)
Armour
 d - a +0 leather armour (worn)
 g - a +0 buckler
Wands
 b - a wand of flame (5)
Scrolls
 e - a scroll of silence
 i - a scroll of brand weapon {unknown}
 k - a scroll of acquirement {unknown}
 m - a scroll of enchant armour {unknown}
Potions
 c - a potion of berserk rage
 h - a potion of curing {unknown}
 j - a potion of degeneration
 l - a potion of heal wounds {unknown}


   Skills:
 + Level 2.3 Fighting
 + Level 1.0 Shields
 + Level 1.4 Spellcasting
 + Level 4.2 Summonings
 - Level 3.0 Evocations


You had 2 spell levels left.
You knew the following spells:

 Your Spells              Type           Power      Damage    Failure   Level
a - Summon Small Mammal   Summ           36%        N/A       8%          1

Your spell library contained the following spells:

 Spells                   Type           Power      Damage    Failure   Level
 Martyr's Knell           Necr/Summ      4%         N/A       88%         4
 Summon Blazeheart Golem  Fire/Summ      4%         N/A       88%         4


Dungeon Overview and Level Annotations

Branches:
Dungeon (2/15)

Altars:


Innate Abilities, Weirdness & Mutations

You regain HP and MP as you explore.


Message History

There is a stone staircase leading down here.
Casting: Summon Small Mammal (safe; 7% risk of failure)
Confirm with . or Enter, or press ? or * to list all spells.
The adder closely misses you. The goblin hits you with a +0 dagger.
Unknown command.
Casting: Summon Small Mammal (safe; 7% risk of failure)
Confirm with . or Enter, or press ? or * to list all spells.
The adder bites you but does no damage. The goblin closely misses you.
The adder bites you.
You are poisoned.
The adder poisons you!
Your rat bites the goblin.
Unknown command.
You barely miss the adder.
You feel sick. The goblin hits you with a +0 dagger. The adder bites you.
Your rat barely misses the goblin.
You miss the adder.
You feel sick. The adder bites you.
You are lethally poisoned!
The adder poisons you! The goblin barely misses you.
Your rat closely misses the goblin.
Your rat barely misses the goblin.
You hit the adder.
The adder is lightly wounded.
You feel sick. The adder bites you.
* * * LOW HITPOINT WARNING * * *
You are more poisoned.
The adder poisons you! The goblin hits you but does no damage.
Your rat bites the goblin.
The goblin dies!
Your rat barely misses the adder.
The adder bites you but does no damage.
You hit the adder.
The adder is heavily wounded.
* * * LOW HITPOINT WARNING * * *
You feel very sick. The adder bites you.
* * * LOW HITPOINT WARNING * * *
You are more poisoned.
The adder poisons you!
Your rat bites the adder.
You are too injured to fight recklessly!
It was a potion of degeneration.
There was something very wrong with that liquid.
You feel weakened.
You feel dopey.
You feel clumsy.
You die...

#.# #.# #.# #.# #.#
###.####### #.#
#.......... #.#
#.#.####### #.#
##########.#.# ##
#.####............######.
#.#..#.#rr............##.
#.##.#..@S...............
#.##...†.#.<..........#..
#.##.###.#..#######..###.
#.##.# #.#..##...##..# ##
#.##.# #....#.'##.#..# #
#.##.# #.#..#.#≈#.#..# #
#.##.# #.#.[#.###.'..# #
#.##.# #.#..##...##..## #
#.##.# #.#..##+####...# #


You could see an adder (ally target) and 2 friendly rats.

Vanquished Creatures
  5 ball pythons (D:1)
  A giant cockroach (D:1)
  A hobgoblin (D:1)
  2 bats (D:1)
  4 frilled lizards (D:1)
  2 goblins (D:1)
15 creatures vanquished.

Vanquished Creatures (collateral kills)
  A ribbon worm (D:1)
  2 goblins (D:1)
  A kobold (D:1)
4 creatures vanquished.

Grand Total: 19 creatures vanquished

Notes
Turn   | Place    | Note
-------+----------+-------------------------------------------
     0 | D:1      | Lobster4 the Human Wanderer began the quest for the Orb.
     0 | D:1      | Lobster4 set off with the following items: a +0 dagger, a
                  | wand of flame (5), a potion of berserk rage, a +0 leather
                  | armour, a scroll of silence; and the following spell
                  | memorised: Summon Small Mammal; and the following spells
                  | available to memorise: Martyr's Knell, Summon Blazeheart
                  | Golem.
     0 | D:1      | Reached XP level 1. HP: 16/16 MP: 2/2
   240 | D:1      | Reached XP level 2. HP: 22/22 MP: 3/3
  1087 | D:1      | Found a faded altar of an unknown god.
  1304 | D:1      | Reached skill level 1 in Shields
  1350 | D:1      | HP: 1/23 [adder (1)]
  1351 | D:1      | Succumbed to an adder's poison

Illustrated notes

Levels and vault maps discovered:
D:1:      minmay_arrival_stone_box, layout_basic,
          shapermc_ecumenical_altar_hornbeckon, serial_co_window_serial,
          co_window_paths_b, co_window_corner_a, co_window_paths_a,
          co_window_paths_b, co_window_paths_b, co_window_broadway_c,
          co_window_unsneaky_path_e, co_window_corner_b, co_window_cross_3,
          co_window_of_opportunity_c, glass_columns_b, glass_columns_c,
          glass_columns_a
D:2:      layout_basic

Skill      XL: |  1  2 |
---------------+-------+-----
Shields        | 1 |  1.0
Fighting       | |  2.3
Spellcasting   | |  1.4
Summonings     | |  4.2
Evocations     | |  3.0

Action                     || total
---------------------------++-------
  Melee: Short sword       ||    81
   Cast: Summon Small Mamm ||    11
    Use: Potion            ||     1
   Stab: Sleeping          ||     1
 Armour: Leather armour    ||    62
  Dodge: Dodged            ||    50

Table legend: (Time is in decaauts)
 A = Elapsed time spent in this place.
 B = Non-inter-level travel time spent in this place.
 C = Inter-level travel time spent in this place.
 D = Time resting spent in this place.
 E = Time spent auto-exploring this place.
 F = Levels seen in this place.
 G = Mean time per level.
                   A        B        C        D        E       F      G
               +--------+--------+--------+--------+--------+-----+--------+
         Total |   1361 |   1298 |     63 |     81 |   1029 |   2 |  680.5 |
       Dungeon |   1361 |   1298 |     63 |     81 |   1029 |   2 |  680.5 |
               +--------+--------+--------+--------+--------+-----+--------+

Top non-repeatable levels by time:
     D:1: 1357 daAuts
     D:2: 4 daAuts
